 Dungeon Crawl Stone Soup version 0.31-a0-1104-g3bd3108 (webtiles) character file.

Game seed: 1104432848040973046

142 GentlemanToast the Changeling (level 5, -2/26 HPs)
             Began as a Spriggan Shapeshifter on Dec 2, 2023.
             Slain by Grinder (3 damage)
             ... on level 3 of the Dungeon.
             The game lasted 00:03:35 (1645 turns).

GentlemanToast the Changeling (SpSh)                Turns: 1645, Time: 00:03:38

Health: -2/26      AC:  2    Str: 10    XL:     5   Next: 3%
Magic:  6/6        EV: 18    Int: 17    God:
Gold:   115        SH:  0    Dex: 17    Spells: 4/4 levels left

rFire   . .          .
                       - Unarmed
rCold   . . .        (no shield)
rNeg    . . .        a - +0 animal skin
rPois   .            (helmet currently unavailable)
rElec   .            (cloak currently unavailable)
rCorr   .            (gloves unavailable)
SInv    +            (boots unavailable)
Will    .....        (no amulet)
Stlth   ++           i - +6 ring of intelligence
HPRegen 0.24/turn    (no ring)
MPRegen 0.10/turn

%: no passive effects
@: beast-form, very quick
A: beast (slay +3), very small, no large weapons, unfitting armour, see
invisible, speed 3
a: Begin Untransformation


You were on level 3 of the Dungeon.
You were a hulking beast.
You visited 1 branch of the dungeon, and saw 3 of its levels.

You collected 115 gold pieces.

Inventory:

Missiles
 g - a throwing net
Armour
 a - a +0 animal skin (worn)
Jewellery
 i - a +6 ring of intelligence (left hand)
Talismans
 c - a beast talisman
 d - a flux talisman
Scrolls
 h - a scroll of identify {unknown}
 k - a scroll of brand weapon {unknown}
Potions
 b - 2 potions of lignification
 e - 2 potions of heal wounds {unknown}
 f - a potion of berserk rage {unknown}
 j - a potion of haste {unknown}


   Skills:
 + Level 1.8 Fighting
 + Level 3.9 Dodging
 + Level 3.0 Unarmed Combat
 * Level 5.4 Shapeshifting


You had 4 spell levels left.
You didn't know any spells.
Your spell library was empty.

Dungeon Overview and Level Annotations

Branches:
Dungeon (3/15)

Altars:

Annotations:
D:3 Grinder


Innate Abilities, Weirdness & Mutations

You are a hulking beast.
Your limbs bulge with bestial killing power. (Slay +3)
You are very small and have problems with some larger weapons.
You are too small for most types of armour.
You have supernaturally acute eyesight. (SInv)
You cover ground extremely quickly. (Speed+++)


Message History

Grinder is lightly wounded.
Grinder closely misses you.
You completely miss Grinder.
Grinder is lightly wounded.
You hit Grinder.
Grinder is lightly wounded.
Grinder misses you.
You hit Grinder but do no damage.
Grinder is lightly wounded.
Grinder closely misses you.
You hit Grinder.
Grinder is moderately wounded.
Grinder barely misses you.
You hit Grinder.
Grinder is moderately wounded.
Grinder grins, showing sharp teeth.
Grinder completely misses you.
You barely miss Grinder.
Grinder is moderately wounded.
Grinder hits you.
You hit Grinder.
Grinder is heavily wounded.
Grinder barely misses you.
You hit Grinder.
Grinder is heavily wounded.
Grinder barely misses you.
You barely miss Grinder.
Grinder is heavily wounded.
Grinder hits you.
You writhe in agony.
You hit Grinder but do no damage.
Grinder is heavily wounded.
Grinder hits you.
You writhe in agony.
* * * LOW HITPOINT WARNING * * *
You hit Grinder.
Grinder is severely wounded.
Grinder hits you.
* * * LOW HITPOINT WARNING * * *
You writhe in agony.
You die...
Grinder sighs, "Dead already?
I want a refund."

.......5..
..........
..........
#.#.......
#.#.......
#.#...?...
######.#.......
#........###
#....h.....#
#....5...#.#
#........# #
#........#
#........#.#
#........#.#
#..........
#........###
#........#


You could see Grinder.

Vanquished Creatures
  2 orc wizards (D:3)
  3 adders (D:2)
  A worm (D:2)
  2 orcs (D:3)
  6 bats
  4 endoplasms
  2 giant cockroaches (D:1)
  3 goblins
  7 hobgoblins
  8 jackals
  6 kobolds
  5 ball pythons
  3 frilled lizards
  3 rats
55 creatures vanquished.

Notes
Turn   | Place    | Note
-------+----------+-------------------------------------------
     0 | D:1      | GentlemanToast the Spriggan Shapeshifter began the quest
                  | for the Orb.
     0 | D:1      | Reached XP level 1. HP: 9/9 MP: 2/2
    49 | D:1      | Reached skill level 1 in Fighting
    51 | D:1      | Reached XP level 2. HP: 14/14 MP: 3/3
   648 | D:1      | Reached XP level 3. HP: 18/18 MP: 4/4
  1088 | D:2      | Reached skill level 5 in Shapeshifting
  1088 | D:2      | Reached XP level 4. HP: 18/22 MP: 5/5
  1544 | D:3      | Reached XP level 5. HP: 13/26 MP: 6/6
  1620 | D:3      | Noticed Grinder
  1645 | D:3      | HP: 1/26 [Grinder (5)]
  1645 | D:3      | Slain by Grinder

Illustrated notes

Levels and vault maps discovered:
D:1:      eino_arrival_cavern_b, layout_basic
D:2:      layout_rooms, serial_bayou_pond_c
D:3:      layout_basic, grunt_qazlal_sundering, uniq_crazy_yiuf_cottage,
          uniq_natasha, uniq_terence, uniq_grinder

Skill      XL: |  1  2  3  4 |
---------------+-------------+-----
Fighting       | 1 |  1.8
Dodging        | 3 |  3.9
Shapeshifting  | 5 |  5.4
Unarmed Combat | 3 |  3.0

Action                     |  1- 3 |  4- 6 || total
---------------------------+-------+-------++-------
  Melee: Unarmed           |   108 |    51 ||   159
         Punch             |     3 |     1 ||     4
   Stab: Sleeping          |       |     2 ||     2
 Armour: Animal skin       |    24 |    14 ||    38
  Dodge: Dodged            |    80 |    30 ||   110

Table legend: (Time is in decaauts)
 A = Elapsed time spent in this place.
 B = Non-inter-level travel time spent in this place.
 C = Inter-level travel time spent in this place.
 D = Time resting spent in this place.
 E = Time spent auto-exploring this place.
 F = Levels seen in this place.
 G = Mean time per level.
                   A        B        C        D        E       F      G
               +--------+--------+--------+--------+--------+-----+--------+
         Total |   1154 |   1114 |     40 |      0 |    830 |   3 |  384.7 |
       Dungeon |   1154 |   1114 |     40 |      0 |    830 |   3 |  384.7 |
               +--------+--------+--------+--------+--------+-----+--------+

Top non-repeatable levels by time:
     D:1: 513 daAuts
     D:2: 434 daAuts
     D:3: 206 daAuts
